 Dungeon Crawl Stone Soup version 0.27.0 (webtiles) character file.

Game seed: 16346390029465049729

189 Spectrina the Conjurer (level 5, -3/37 HPs)
             Began as a Palentonga Conjurer on July 31, 2021.
             Was an Initiate of Ashenzari.
             Slain by a gnoll (5 damage)
             ... on level 4 of the Dungeon.
             The game lasted 00:14:45 (1154 turns).

Spectrina the Conjurer (Palentonga Conjurer)        Turns: 1154, Time: 00:14:45

Health: -3/37      AC:  4    Str: 11    XL:     5   Next: 40%
Magic:  4/10       EV:  9    Int: 19    God:    Ashenzari [......]
Gold:   103        SH:  0    Dex:  8    Spells: 8/11 levels left

rFire    . . .     SeeInvis +   c - +0 rapier
rCold    . . .     Faith    .   (no shield)
rNeg     . . .     Spirit   .   a - +0 robe
rPois    .         Reflect  .   (no helmet)
rElec    .         Harm     .   (no cloak)
rCorr    .         Rampage  .   (no gloves)
Will     .....                  (no barding)
Stlth    +.........             (no amulet)
HPRegen  0.12/turn              (no ring)
MPRegen  0.12/turn              (no ring)

@: no status effects
A: large, rugged brown scales 3, see invisible, deformed body, roll 1, armoured
tail
a: Rolling Charge, Renounce Religion


You were on level 4 of the Dungeon.
You worshipped Ashenzari.
Ashenzari was noncommittal.
You visited 1 branch of the dungeon, and saw 4 of its levels.

You collected 103 gold pieces.

Inventory:

Hand Weapons
 c - a +0 rapier (weapon)
 h - a +0 trident
Missiles
 d - 11 stones
 e - 3 poisoned darts (quivered)
Armour
 a - a +0 robe (worn)
Scrolls
 b - 5 scrolls of teleportation
 k - a scroll of torment
 l - a scroll of vulnerability
Potions
 f - a potion of curing
 g - a potion of heal wounds
 i - 2 potions of flight
 j - a potion of might
 m - a potion of ambrosia


   Skills:
 - Level 1.5 Dodging
 - Level 1.2 Stealth
 + Level 3.9 Spellcasting
 + Level 5.0 Conjurations


You had 8 spell levels left.
You knew the following spells:

 Your Spells              Type           Power      Damage    Failure   Level
a - Magic Dart            Conj           92%        1d7       1%          1
f - Searing Ray           Conj           46%        3d4       2%          2

Your spell library contained the following spells:

 Spells                   Type           Power      Damage    Failure   Level
 Dazzling Flash           Conj/Hex       26%        N/A       14%         3
 Fulminant Prism          Conj/Hex       6%         3d7       43%         4
 Iskenderun's Mystic Bla  Conj/Tloc      13%        2d5       43%         4


Dungeon Overview and Level Annotations

Branches:
Dungeon (4/15)             Temple (0/1) D:4

Altars:
Ashenzari
Wu Jian

Shops:
D:1 :   D:3 [

Annotations:
D:2 Terence


Innate Abilities, Weirdness & Mutations

You are completely covered in rugged brown scales. (AC +3, +7% HP)
You have supernaturally acute eyesight. (SInv)
Armour fits poorly on your strangely shaped body.
You can roll at nearby foes to attack.
You have a long armoured tail.


Message History

The howler monkey is heavily wounded. (Press . to maintain the ray.)
The ufetubus hits you but does no damage.
The ufetubus closely misses you. The ufetubus hits you.
* * * LOW HITPOINT WARNING * * *
The ufetubus closely misses you.
The searing ray misses the ufetubus.
The searing ray hits the orc.
The orc is severely wounded.
The searing ray hits the howler monkey!
You kill the howler monkey!
The ufetubus barely misses you. The ufetubus hits you.
* * * LOW HITPOINT WARNING * * *
Your Conjurations skill increases to level 5!
You have reached level 5!
The searing ray misses the ufetubus.
The searing ray hits the orc!
You kill the orc!
The searing ray hits the adder.
The adder is heavily wounded.
The searing ray hits the dart slug!
The dart slug is almost dead.
The ufetubus hits you but does no damage. x4
Unknown command.
The searing ray hits the ufetubus.
You kill the ufetubus!
The searing ray hits the adder.
You kill the adder!
The searing ray hits the dart slug.
You kill the dart slug!
You finish channeling your searing ray.
Okay, then.
Okay, then.
Unknown command.
You feel much better.
Unknown command.
The gnoll hits you with a +0 halberd! The gnoll hits you with a +0 halberd!
* * * LOW HITPOINT WARNING * * *
Unknown command.
The gnoll hits you from afar with a +0 halberd.
You die...

......#.#.# #...##g........
........#J# #.#............
...##...#.# #..##...........
... #.Sw#.# #.###......[.(..
.. #.....# ###.............##
###.#.######......#......<.#[
#.#..ggJ..g....##.g......#.
...$....#####.....##........'.
####.#..# #@..#####.g##.###.
#.#...#.....## ##.##.# #. ...
#########.### #.##.# ## ..##
#...#.8.## #.##.# #. ...#
#.8.....# #<##.# ## ...#
#...#...### #....# # ...#
##.###.##.# ##..## # ...#
#...#...#.# #g.# #
...####[_.#8..'.### #..#


You could see a gnoll.

Vanquished Creatures
  A howler monkey (D:4)
  A hound (D:4)
  2 gnolls
  4 adders
  2 ufetubi (D:4)
  A worm (D:3)
  2 dart slugs
  4 orcs
  2 bats
  3 endoplasms
  2 goblins (D:3)
  3 hobgoblins
  5 jackals (D:3)
  5 kobolds
  5 quokkas
  4 ball pythons
  2 frilled lizards
  A rat (D:1)
49 creatures vanquished.

Notes
Turn   | Place    | Note
-------+----------+-------------------------------------------
     0 | D:1      | Spectrina the Palentonga Conjurer began the quest for the
                  | Orb.
     0 | D:1      | Reached XP level 1. HP: 13/13 MP: 3/3
    55 | D:1      | Found Daivefit's Book Shoppe.
   216 | D:3      | Reached XP level 2. HP: 20/20 MP: 0/5
   219 | D:3      | Learned a level 2 spell: Searing Ray
   301 | D:4      | Noticed a gnoll sergeant
   306 | D:3      | Reached skill level 4 in Conjurations
   398 | D:3      | Reached XP level 3. HP: 25/25 MP: 4/7
   498 | D:2      | Noticed Terence
   540 | D:3      | Found Hyckuza's Antique Armour Boutique.
   752 | D:3      | Reached XP level 4. HP: 32/32 MP: 4/8
   942 | D:4      | Found an ornate altar of the Wu Jian Council.
   979 | D:4      | Found a broken altar of Ashenzari.
  1026 | D:4      | Became a worshipper of Ashenzari the Shackled
  1038 | D:4      | Found a staircase to the Ecumenical Temple.
  1149 | D:4      | Reached skill level 5 in Conjurations
  1149 | D:4      | Reached XP level 5. HP: 2/37 MP: 6/10
  1153 | D:4      | HP: 1/37 [gnoll (13)]
  1154 | D:4      | Slain by a gnoll

Illustrated notes

Levels and vault maps discovered:
D:1:      dpeg_arrival_tiny_f, layout_basic, serial_shops, shop
D:2:      cheibrodos_pilgrimage, layout_basic, ebering_ecumenical_altar_webs,
          chequers_arboretum, minmay_tiny_reverse_x, uniq_terence,
          uniq_crazy_yiuf_cottage, uniq_sigmund
D:3:      layout_loops_corners, grunt_dithmenos_smoke, serial_shops,
          nicolae_lakefront_shop
D:4:      layout_rooms, nicolae_wu_jian_immortal_techniques,
          nicolae_overflow_crystal_walls, minmay_temple_entry_glassed_door

Skill      XL: |  1  2  3  4 |
---------------+-------------+-----
Conjurations   | 4 5 |  5.0
Spellcasting   | 3 |  3.9
Dodging        | |  1.5
Stealth        | |  1.2

Action                   |  1- 3 |  4- 6 || total
-------------------------+-------+-------++-------
Melee: Rapier            |    16 |     7 ||    23
       Tailslap          |     1 |     2 ||     3
Throw: Dart              |     4 |       ||     4
 Cast: Magic Dart        |    26 |     4 ||    30
       Searing Ray       |    10 |     5 ||    15
 Abil: Rolling Charge    |     2 |       ||     2
  Use: Potion            |       |     1 ||     1
 Stab: Sleeping          |     1 |       ||     1
Armor: Robe              |     8 |     9 ||    17
Dodge: Dodged            |    15 |    27 ||    42
